Frizzbo, neutral female gnomish Wizard ----------- ----------- |....|....--- |.........| |.```|```..>| |.........| |.`.......--- |.........| |....|....| |....<....| |-.--------- |.........| |..`.|.....| |.........| |..`.|`....| |.........| |...`......| |.........| |..`G|`....----------------+| |..u.|.............^^^^^^^^.| ----------------------------- Frizzbo the Conjurer Experience level: 5 Strength: 9 Dexterity: 13 Constitution: 13 Intelligence: 18 Wisdom: 17 Charisma: 8 Health: 0(30) Energy: 71(71) Def: 4 Gold: 0 Moves: 4534 Dungeon seed: q9cgq3uC9K1lt1R8 Game ID: Frizzbo_1467129091 Your Inventory: Amulets P - an uncursed amulet of reflection (being worn) Weapons u - an uncursed +2 aklys (weapon in hand) Armor e - an uncursed +0 cloak of magic resistance (being worn) n - an uncursed +0 dwarvish iron helm (being worn) C - an uncursed +0 pair of elven boots (being worn) Y - an uncursed +0 Hawaiian shirt (being worn) Comestibles h - 5 uncursed food rations s - an uncursed tripe ration Z - an uncursed lembas wafer Scrolls g - an uncursed scroll of food detection p - 2 uncursed scrolls of scare monster v - 2 uncursed scrolls of earth z - an uncursed scroll of punishment A - a blessed scroll of remove curse J - 2 uncursed scrolls of taming O - an uncursed scroll of teleportation Q - a cursed scroll of teleportation R - an uncursed scroll of blank paper X - a blessed scroll of earth Potions k - an uncursed potion of water o - an uncursed potion of speed r - 2 uncursed potions of invisibility x - a cursed potion of extra healing B - an uncursed potion of gain ability Rings a - a cursed ring of hunger j - an uncursed ring of free action V - an uncursed ring of conflict Wands b - an uncursed wand of create monster (0:14) l - an uncursed wand of enlightenment (0:5) L - an uncursed wand of cold (0:3) U - an uncursed wand of teleportation (0:4) Tools f - an uncursed skeleton key i - an uncursed tallow candle (0:200) w - an uncursed oil lamp (0:1208) Gems q - an uncursed worthless piece of yellowish brown glass y - an uncursed worthless piece of green glass Spells and supernatural/magical abilities: Name Level Category Fail Memory a - force bolt 1 attack 0% 78% l - light 1 divination 0% 78% m - magic missile 2 attack 0% 97% W - pray for help -- divine ? -- Your skills at the end: Miscellaneous Skills wands [Basic] Weapon Skills quarterstaff [Basic] crossbow [Basic] Spellcasting Skills attack spells [Basic] enchantment spells [Basic] Final Attributes: You were fervently aligned. You were magic-protected. You were telepathic. You had infravision. You were stealthy. You had reflection. You are dead. Vanquished creatures: a bugbear a rock mole a shrieker an elf zombie 3 giant ants a floating eye 2 homunculi an iguana a giant bat 3 orc zombies a wererat 2 coyotes a hobbit a large kobold 5 geckos 6 giant rats 3 cave spiders 2 brown molds 2 garter snakes 13 jackals a kobold 8 newts 2 sewer rats 4 grid bugs 7 lichens 2 kobold zombies 75 creatures vanquished. Voluntary challenges: You were an atheist. You used a wielded weapon 35 times, starting on turn 604. You did not apply a unicorn horn. You read items or engraved 9 times, starting on turn 642. You never genocided any monsters. You never polymorphed an object. You never changed form. You used no wishes. You never split a pudding. You never wrote Elbereth's name. You violated your moral code, losing 2 points of alignment, starting on turn 3780. Dungeon overview: The Dungeons of Doom: levels 1 to 6 Level 1 a sink a long staircase Level 2 Level 3 a general store a long staircase Level 4 an armor shop Level 5 many fountains Level 6 a fountain stairs to Sokoban Sokoban: levels 4 to 5 Level 4 <- You were here Level 5 a magic chest stairs to The Dungeons of Doom History has recorded: On T:1 you entered the Dungeons of Doom to retrieve the Amulet of Yendor! On T:510 you reached level 2 of The Dungeons of Doom. On T:794 you advanced to experience level 2. On T:825 you reached level 3 of The Dungeons of Doom. On T:1159 you advanced to experience level 3. On T:1424 you reached level 4 of The Dungeons of Doom. On T:1846 you advanced to experience level 4. On T:2709 you reached level 5 of The Dungeons of Doom. On T:2907 you advanced to experience level 5. On T:2908 you received advice from The Oracle. On T:3263 you reached level 6 of The Dungeons of Doom. On T:3890 you reached level 4 of Sokoban. On T:3918 you opened a magic chest. On T:3922 you opened a magic chest. On T:4197 you opened a magic chest. On T:4214 you reached level 3 of Sokoban. Score breakdown: Gold: 0 ( 0 points) Experience: 5 levels ( 400 points) Exploration: 6 levels ( 150 points) Discoveries: 9 items ( 450 points) Variety of kills: 26 monsters ( 1300 points) Major goal: (nothing yet) ( 0 points) Survival: died (score multiplied by 3) Total score: 6900 Latest messages: The pony kicks! The pony bites! You displace Taco. You hear some noises. Taco bites the elf zombie. The elf zombie misses Taco. Taco bites the elf zombie. The elf zombie is destroyed! You displace Taco. Taco misses the pony. The pony kicks! The pony bites! Taco misses the pony. (2x) You hear some noises. With great effort you move the boulder. The pony kicks! The pony bites! The pony kicks! The pony bites! The pony kicks! The pony bites! You miss the pony. The pony kicks! The pony bites! You die... Final status: Goodbye Frizzbo the Wizard, killed by a pony... You died in Sokoban on dungeon level 4 with 6900 points, and 0 pieces of gold, after 4534 moves. You were level 5 with a maximum of 30 hit points when you died.